 Dungeon Crawl Stone Soup version 0.22-a0-354-g30dfbe6 (webtiles) character file.

781 Kairos the Covered (level 7, -1/36 HPs)
             Began as a Vine Stalker Fighter on Apr 16, 2018.
             Succumbed to an orc wizard's poison
             ... on level 4 of the Dungeon.
             The game lasted 00:07:07 (3553 turns).

Kairos the Covered (Vine Stalker Fighter)           Turns: 3553, Time: 00:07:07

Health: -1/36      AC:  7    Str: 19    XL:     7   Next: 85%
Magic:  8/8        EV: 14    Int: 10    God:
Gold:   156        SH: 10    Dex: 18    Spells: 6/6 levels left

rFire    . . .     SeeInvis .   A - +1 whip (vamp)
rCold    . . .     Gourm    .   c - +0 shield
rNeg     . . .     Faith    .   b - +0 scale mail
rPois    .         Spirit   +   (no helmet)
rElec    .         Reflect  .   (no cloak)
rCorr    .         Harm     .   (no gloves)
MR       .....                  (no boots)
Stlth    +.........             (no amulet)
HPRegen  0.52/turn              (no ring)
MPRegen  0.11/turn              (no ring)

@: agile, lethally poisoned (-1 -> -12), slowed, very slow
A: fangs 2, regeneration 1, magic shield, antimagic bite, no potion heal 3, rot
immunity
a: no special abilities


You were on level 4 of the Dungeon.
You were not hungry.

You visited 1 branch of the dungeon, and saw 4 of its levels.
You also visited: Ossuary.

You collected 156 gold pieces.

Inventory:

Hand Weapons
 a - a +0 flail
 k - a +3 whip
 u - a +0 quarterstaff of crushing
 A - a +1 vampiric whip (weapon)
Armour
 b - a +0 scale mail (worn)
 c - a +0 shield (worn)
Wands
 o - a wand of flame (39)
 z - a wand of random effects (14)
Scrolls
 g - a scroll of blinking {unknown}
 i - 2 scrolls of identify {unknown}
 j - 4 scrolls of remove curse
 n - a scroll of fog {unknown}
 r - 5 scrolls of teleportation {unknown}
 y - a scroll of immolation {unknown}
Potions
 d - a potion of might
 e - a potion of cancellation {unknown}
 h - a potion of invisibility {unknown}
 l - a potion of degeneration {unknown}
 m - 3 potions of agility
 p - a potion of magic
 q - a potion of flight {unknown}
 s - 2 potions of resistance {unknown}
 t - a potion of lignification {unknown}
 v - a potion of curing {unknown}
 w - a potion of heal wounds {unknown}
 x - a potion of ambrosia {unknown}
Comestibles
 f - 4 rations


   Skills:
 + Level 3.6 Fighting
 + Level 3.6(4.4) Maces & Flails
 + Level 3.6(4.4) Staves
 + Level 3.9 Armour
 + Level 2.4 Dodging
 + Level 0.1 Stealth
 + Level 3.6 Shields


You had 6 spell levels left.
You didn't know any spells.

Dungeon Overview and Level Annotations

Branches:
Dungeon (4/15)
 Temple: D:4-7

Altars:
Kikubaaqudgha
Xom


Innate Abilities, Weirdness & Mutations

You have extremely sharp teeth.
Your natural rate of healing is unusually fast.
When hurt, damage is shared between your health and your magic reserves.
Your bite disrupts and absorbs the magic of your enemies.
Potions cannot restore your health.
You are immune to rotting.


Message History

* * * LOW HITPOINT WARNING * * *
You feel very sick.
The orc wizard gestures at you while chanting.
You feel yourself slow down.
* * * LOW HITPOINT WARNING * * *
You feel very sick.
You hit the orc wizard but do no damage.
You bite the orc wizard, but do no damage.
* * * LOW HITPOINT WARNING * * *
You feel very sick.
The orc wizard gestures wildly while chanting.
The orc wizard seems to speed up.
You block the orc wizard's attack.
It was a potion of agility.
You feel agile all of a sudden.
* * * LOW HITPOINT WARNING * * *
You feel very sick.
The orc wizard hits you but does no damage.
The orc wizard closely misses you.
It was a potion of magic.
Magic courses through your body.
You die...

#. #.# #. ##.### #.# #.
# ....# #.# ######. #.
....###.## #......
#..###.#.##...###.####.
##......#.#.....##.# #.
........#.##...# #.#
##. #....o@.(###.####.#
#.. #####.##))).......#
#.# #. #####)###### #.#
#. ##)## #.# #. #)).#
#.# .. #†....# #.# ..
#.......# #.. ..
..........# #..
............'.....


You could see an orc wizard.

Vanquished Creatures
  2 elf zombies (Ossuary)
  A centaur zombie (Ossuary)
  A gnoll shaman (D:4)
  An orc priest (D:4)
  2 hounds (D:4)
  A human zombie (Ossuary)
  3 orc wizards
  A worker ant (D:4)
  3 big kobold zombies (Ossuary)
  2 hound zombies (Ossuary)
  3 mummies (Ossuary)
  Robin (D:4)
  7 gnolls
  An adder (D:4)
  An adder zombie (Ossuary)
  A worm (D:4)
  5 leopard geckos
  19 orcs
  10 bats
  2 giant cockroaches
  5 gnoll zombies (Ossuary)
  18 goblins
  8 hobgoblins
  4 jackals (D:1)
  3 kobolds
  A ball python (D:1)
  3 frilled lizards
  4 goblin zombies (Ossuary)
  5 hobgoblin zombies (Ossuary)
  4 jackal zombies (Ossuary)
  2 kobold zombies (Ossuary)
  A leopard gecko skeleton (D:4)
  An orc zombie (Ossuary)
  4 quokka zombies (Ossuary)
  5 rats
  A rat zombie (Ossuary)
136 creatures vanquished.

Vanquished Creatures (others)
  An orc wizard (D:4)
1 creature vanquished.

Grand Total: 137 creatures vanquished

Notes
Turn   | Place    | Note
-------+----------+-------------------------------------------
     0 | D:1      | Kairos the Vine Stalker Fighter began the quest for the Orb.
     0 | D:1      | Reached XP level 1. HP: 11/11 MP: 2/2
   353 | D:1      | Reached XP level 2. HP: 14/16 MP: 1/3
   651 | D:1      | Reached XP level 3. HP: 18/19 MP: 4/4
  1781 | D:3      | Reached skill level 1 in Dodging
  1840 | D:3      | Gained mutation: Your natural rate of healing is unusually fast. [Vine Stalker growth]
  1840 | D:3      | Reached XP level 4. HP: 5/23 MP: 3/5
  1997 | D:3      | Found an ancient bone altar of Kikubaaqudgha.
  2060 | D:3      | Reached XP level 5. HP: 9/28 MP: 3/6
  2068 | D:2      | HP: 1/28 [something/puff of flame (5)]
  2389 | D:4      | Found a shimmering altar of Xom.
  2402 | D:4      | Found a sand-covered staircase.
  2406 | Ossuary  | Entered an ossuary
  2464 | Ossuary  | Reached XP level 6. HP: 19/32 MP: 3/7
  2707 | Ossuary  | Reached skill level 1 in Staves
  2792 | Ossuary  | Reached XP level 7. HP: 22/36 MP: 5/8
  3342 | D:4      | Noticed Robin
  3367 | D:4      | Killed Robin
  3552 | D:4      | HP: 1/36 [poisoned by an orc wizard]
  3553 | D:4      | Succumbed to an orc wizard's poison

Vault maps used:
D:1:      mrwooster_arrival_statue_2, due_unseen_surprise
D:3:      overflow_temple_1_default
D:4:      xom_butterflies, first_ration, enter_ossuary_5, uniq_sigmund,
          uniq_eustachio, uniq_robin, uniq_natasha
Ossuary:  minmay_ossuary_two_tombs

Skill      XL: |  1  2  3  4  5  6  7 |
---------------+----------------------+-----
Maces & Flails | 2 3 |  3.6
Shields        | 3 |  3.6
Dodging        | 1 2 |  2.4
Armour         | 3 |  3.9
Fighting       | 3 |  3.6
Staves         | 2 3 |  3.6
Stealth        | |  0.1

Action                   |  1- 3 |  4- 6 |  7- 9 || total
-------------------------+-------+-------+-------++-------
Melee: Flail             |    81 |       |       ||    81
       Bite              |    24 |    61 |    44 ||   129
       Whip              |    56 |    78 |   107 ||   241
       Quarterstaff      |       |   102 |    61 ||   163
  Use: Scroll            |       |     1 |       ||     1
       Potion            |       |       |     2 ||     2
  Eat: Chunk             |     2 |     2 |     1 ||     5
       Ration            |       |     1 |     2 ||     3
Armor: Scale mail        |    96 |    75 |    75 ||   246
Dodge: Dodged            |    62 |    79 |    83 ||   224
Block: Shield            |   100 |    36 |    56 ||   192

Table legend:
 A = Spawn XP
 B = Non-spawn XP
 C = Spawn XP percentage of total XP
 D = Spawn monster count
 E = Non-spawn monster count
 F = Spawn count percentage of total count
 G = Total turns spent on level
                    A         B        C        D         E        F      G
               +---------+---------+-------+---------+---------+-------+---------
         Total |       0 |    1117 |   0.0 |       0 |     137 |   0.0 |  3553
               +---------+---------+-------+---------+---------+-------+---------
           D:1 |       0 |      36 |   0.0 |       0 |      20 |   0.0 |   958
           D:2 |       0 |      52 |   0.0 |       0 |      11 |   0.0 |   855
           D:3 |       0 |     128 |   0.0 |       0 |      29 |   0.0 |   525
           D:4 |       0 |     427 |   0.0 |       0 |      38 |   0.0 |   664
       Ossuary |       0 |     474 |   0.0 |       0 |      39 |   0.0 |   551
               +---------+---------+-------+---------+---------+-------+---------
